Cogmind - Beta 14 @@@ ROGUE MODE // 2024.09.14 @ 09:38:23 Player: raro Result: Destroyed by L-31 Rogue with Katana Performance ------------- Evolutions (2) 1000 Regions Visited (7) 1400 Robots Destroyed (21) 105 Value Destroyed (889) 889 Prototype IDs (1) 20 Alien Tech Used (0) 0 Bonus (300) 300 TOTAL SCORE: 3714 Bonus ------- Aligned with FarCom 300 Cogmind --------- Core Integrity 0/550 Matter 261/300 Energy 100/100 System Corruption 0% Temperature Cool (0) Movement Core (350) Ox6 Location -8/Storage Parts ------- > --- POWER (1) -------- (None) > --- PROPULSION (4) --- (None) > --- UTILITY (3) ------ Large Storage Unit Terrain Scan Processor > --- WEAPON (3) ------- (None) > --- INVENTORY (15) --- Light Ion Engine Fission Core Core Shielding Peak State ------------ > --- POWER ------------ Cooled Ion Engine > --- PROPULSION ------- Aluminum Leg Aluminum Leg Aluminum Leg > --- UTILITY ---------- Large Storage Unit Shield Generator Shield Generator > --- WEAPON ----------- Improved Light Cannon Grenade Launcher > --- INVENTORY -------- Ion Engine Light Ion Engine Aluminum Leg Aluminum Leg Aluminum Leg Small Laser Assault Rifle Light Cannon Improved Light Cannon [Rating: 15] Favorites ----------- Power Cooled Ion Engine Engine Cooled Ion Engine Propulsion Aluminum Leg Leg Aluminum Leg Utility Large Storage Unit Device Shield Generator Storage Large Storage Unit Processor Terrain Scan Processor Weapon Improved Light Cannon Energy Gun Small Laser Ballistic Gun Assault Rifle Ballistic Cannon Improved Light Cannon Launcher Grenade Launcher Special Weapon Mining Laser Build | -11 -10 -9 -9 -9 -8 -8 -8 ------- Run | Yrd Mat Mat Min Exi Min Mat Sto Slots Evolved 4 | . . 2 . . . 2 . Power . | . . . . . . . . Propulsion 2 | . . 1 . . . 1 . Utility 1 | . . 1 . . . . . Weapon 1 | . . . . . . 1 . Parts Attached 30 | 6 4 5 . 3 9 . 3 Power 3 | 1 . 1 . . 1 . . Engine 3 | 1 . 1 . . 1 . . Core . | . . . . . . . . Reactor . | . . . . . . . . Propulsion 8 | 2 . 1 . 1 4 . . Treads . | . . . . . . . . Leg 8 | 2 . 1 . 1 4 . . Wheel . | . . . . . . . . Hover . | . . . . . . . . Flight . | . . . . . . . . Utility 7 | 1 2 1 . 2 1 . . Device 2 | . 1 1 . . . . . Storage 4 | 1 1 . . 2 . . . Processor 1 | . . . . . 1 . . Hackware . | . . . . . . . . Protection . | . . . . . . . . Artifact . | . . . . . . . . Weapon 12 | 2 2 2 . . 3 . 3 Energy Gun 2 | . . . . . 1 . 1 Energy Cannon . | . . . . . . . . Ballistic Gun 3 | 2 . . . . . . 1 Ballistic Cannon 5 | . 1 2 . . 2 . . Launcher 1 | . 1 . . . . . . Special Weapon 1 | . . . . . . . 1 Impact Weapon . | . . . . . . . . Slashing Weapon . | . . . . . . . . Piercing Weapon . | . . . . . . . . Special Melee Weapon . | . . . . . . . . Unidentified Prototypes 1 | . . 1 . . . . . Parts Lost 18 | . . 4 . . 7 1 6 Power 2 | . . . . . 1 . 1 Propulsion 7 | . . 1 . . 4 1 1 Utility 2 | . . 2 . . . . . Weapon 7 | . . 1 . . 2 . 4 Highest Loss Streak 7 | . . 2 . . 4 1 7 To Critical Strikes . | . . . . . . . . Average Slot Usage (%) 82 | . 97 92 66 84 77 72 26 Engine 10 | . 14 11 11 11 10 9 1 Leg 30 | . 28 32 22 32 30 27 3 Device 2 | . 5 16 . . . . . Storage 15 | . 19 11 11 19 11 9 9 Processor 2 | . . . . . 8 9 9 Ballistic Cannon 17 | . 11 13 22 22 17 18 1 Launcher 2 | . 13 7 . . . . . Peak Build Rating 15 | 6 9 15 9 13 13 13 11 Average Rating 10 | 4 7 13 9 11 11 12 3 On Entrance 8 | . 6 9 9 9 11 13 11 Naked Turns . | . . . . . . . . Heaviest Build 39 | 14 36 39 35 39 33 33 33 Greatest Support 33 | 20 20 30 20 30 33 33 20 Greatest Overweight (x) 7 | 1 1 1 1 1 7 1 6 Average Overweight (x) . | . . 1 1 1 . . 5 Largest Inventory Capacity 20 | 8 15 15 15 20 15 15 15 Average Capacity 14 | 7 13 15 15 15 15 15 15 Most Carried 11 | 5 11 9 8 9 10 6 6 Average Carried 7 | 3 8 8 8 8 6 6 3 Final Capacity 15 | 8 15 15 15 15 15 15 15 Final Carried 10 | 4 10 8 8 8 6 6 3 Class Distribution -------------------- 100% | Mutant Dominant Class ---------------- Mutant | -10/Materials Mutant | -9/Materials Mutant | -9/Mines Mutant | -9/Exiles Mutant | -8/Mines Mutant | -8/Materials Mutant | -8/Storage Resources | -11 -10 -9 -9 -9 -8 -8 -8 ----------- Run | Yrd Mat Mat Min Exi Min Mat Sto Matter Collected 731 | 123 174 158 . 120 156 . . Remotely . | . . . . . . . . Salvage Created 679 | . 186 249 . . 205 . 39 Parts 36 | . 11 17 . . 7 . 1 Haulers Intercepted 1 | . 1 . . . . . . Recyclers Shooed . | . . . . . . . . Parts Field Recycled . | . . . . . . . . Retrieved Matter . | . . . . . . . . Parts Self-Destructed . | . . . . . . . . Prevented . | . . . . . . . . Kills | -11 -10 -9 -9 -9 -8 -8 -8 ------- Run | Yrd Mat Mat Min Exi Min Mat Sto Combat Hostiles Destroyed 20 | . 5 8 . . 6 . 1 Guns 1 | . . . . . . . 1 Cannons 10 | . 1 5 . . 4 . . AOE 9 | . 4 3 . . 2 . . Classes Destroyed 5 | . 2 2 . . 1 . . Hauler 1 | . 1 . . . . . . Grunt 13 | . 5 2 . . 5 . 1 Brawler 1 | . . 1 . . . . . Duelist 1 | . . . . . 1 . . Sentry 5 | . . 5 . . . . . Best Kill Streak 4 | . 3 4 . . 3 . 1 Combat Bots Only 4 | . 3 4 . . 3 . 1 Max Kills in Single Turn 2 | . 2 2 . . 2 . 1 Gunslinging . | . . . . . . . . Exploded 2 | . 2 2 . . 2 . . Melee . | . . . . . . . . Uniques/NPCs Destroyed . | . . . . . . . . Combat | -11 -10 -9 -9 -9 -8 -8 -8 -------- Run | Yrd Mat Mat Min Exi Min Mat Sto Hostile Shots Fired 244 | . 22 75 . . 56 11 80 Missed 80 | . 12 31 . . 12 3 22 Damage Taken 2724 | . 120 519 . . 884 239 962 Core 856 | . 15 77 . . 213 65 486 Absorbed by Shields 167 | . 30 137 . . . . . Core Remaining (%) 73 | 100 94 . . . 27 . . Volleys Fired 88 | . 19 27 . . 25 . 17 Largest 2 | . 2 1 . . 2 . 1 Hottest 100 | . 65 39 . . 74 . 100 Shots Fired 95 | . 20 27 . . 31 . 17 Gun 21 | . 2 . . . 5 . 14 Cannon 64 | . 14 22 . . 26 . 2 Launcher 9 | . 4 5 . . . . . Special 1 | . . . . . . . 1 Kinetic 74 | . 16 22 . . 26 . 10 Thermal 12 | . . . . . 5 . 7 Explosive 9 | . 4 5 . . . . . Electromagnetic . | . . . . . . . . Robot Hit Streak 15 | . 4 15 . . 6 . 7 Robot Miss Streak 3 | . 1 2 . . 3 . 2 Penetration Max . | . . . . . . . . Secondary Targets . | . . . . . . . . Shots Hit Robots 69 | . 13 24 . . 20 . 12 Core Hits 39 | . 10 15 . . 10 . 4 Critical Kills . | . . . . . . . . Critical Parts Destroyed . | . . . . . . . . Critical Strikes . | . . . . . . . . Melee Attacks . | . . . . . . . . Impact . | . . . . . . . . Slashing . | . . . . . . . . Piercing . | . . . . . . . . Sneak Attacks . | . . . . . . . . Combat Hostiles . | . . . . . . . . Follow-up Attacks . | . . . . . . . . Damage Inflicted 1748 | . 355 695 . . 536 . 162 Guns 164 | . 12 . . . 33 . 119 Cannons 1006 | . 180 421 . . 386 . 19 Explosions 553 | . 163 274 . . 116 . . Melee . | . . . . . . . . Ramming 1 | . . . . . 1 . . Kinetic 1094 | . 192 421 . . 386 . 95 Thermal 216 | . . . . . 149 . 67 Explosive 437 | . 163 274 . . . . . Electromagnetic . | . . . . . . . . Impact . | . . . . . . . . Slashing . | . . . . . . . . Piercing . | . . . . . . . . Highest Corruption . | . . . . . . . . Average Corruption . | . . . . . . . . Corruption Purged . | . . . . . . . . Corruption Blocked . | . . . . . . . . Overload Shots . | . . . . . . . . Overflow Damage 15 | . . 11 . . . . 4 Projectiles 15 | . . 11 . . . . 4 Explosions . | . . . . . . . . Melee . | . . . . . . . . Knockbacks 11 | . 3 1 . . 6 . 1 Impact . | . . . . . . . . Kinetic 11 | . 3 1 . . 6 . 1 Secondary . | . . . . . . . . Self-Inflicted Damage 82 | . 15 37 . . 30 . . Shots 4 | . 1 2 . . 1 . . Rammed . | . . . . . . . . Targets Rammed 2 | . 1 . . . 1 . . Kicked 2 | . 1 . . . 1 . . Crushed . | . . . . . . . . Highest Temperature 167 | . 4 13 . . 167 . 2 Average Temperature 68 | . 2 5 . . 87 . 2 Received Heat Transfer 719 | . 47 174 . . 426 18 54 Siege Activations . | . . . . . . . . Robots Corrupted . | . . . . . . . . Combat Hostiles . | . . . . . . . . Parts Fried . | . . . . . . . . Impact Corruptions . | . . . . . . . . Robots Melted . | . . . . . . . . Combat Hostiles . | . . . . . . . . Parts Melted . | . . . . . . . . Heat Transferred 375 | . . . . . 225 . 150 Parts Sabotaged . | . . . . . . . . Parts Stolen . | . . . . . . . . Parts Stripped . | . . . . . . . . Power Chain Reactions . | . . . . . . . . Alert | -11 -10 -9 -9 -9 -8 -8 -8 ------- Run | Yrd Mat Mat Min Exi Min Mat Sto Peak Influence 406 | . 197 406 150 . 91 15 20 Initial 150 | . . 83 150 . . . 1 Average 77 | . 137 223 150 . 17 2 1 Maximum Alert Level 2 | . . 2 . . . . . Low Security (%) 91 | 100 100 45 100 . 100 100 100 Level 1 7 | . . 48 . . . . . Level 2 . | . . 6 . . . . . Level 3 . | . . . . . . . . Level 4 . | . . . . . . . . Level 5 . | . . . . . . . . High Security . | . . . . . . . . Max Security . | . . . . . . . . Squads Dispatched 2 | . 1 . . . . . 1 Investigation . | . . . . . . . . Extermination . | . . . . . . . . Reinforcement 2 | . 1 . . . . . 1 Assault . | . . . . . . . . Garrison . | . . . . . . . . Intercept . | . . . . . . . . Searches Triggered . | . . . . . . . . Construction Impeded . | . . . . . . . . Haulers Reinforced . | . . . . . . . . Active Scanning Responses . | . . . . . . . . Cargo Convoy Interrupts . | . . . . . . . . Stealth | -11 -10 -9 -9 -9 -8 -8 -8 --------- Run | Yrd Mat Mat Min Exi Min Mat Sto Distress Signals 2 | . . 2 . . . . . Communications Jammed . | . . . . . . . . Distress Signals . | . . . . . . . . Times Spotted 31 | . 9 11 . . 6 2 3 Peak Tracking Total 6 | . 4 6 . . 3 2 4 Tactical Retreats 3 | . 1 2 . . . . . Traps | -11 -10 -9 -9 -9 -8 -8 -8 ------- Run | Yrd Mat Mat Min Exi Min Mat Sto Traps Triggered 2 | . 1 . . . . . 1 Indirectly . | . . . . . . . . Trap Hack Attempts . | . . . . . . . . Triggered . | . . . . . . . . Disarmed . | . . . . . . . . Reprogrammed . | . . . . . . . . Reused . | . . . . . . . . Traps Extracted . | . . . . . . . . Installed . | . . . . . . . . Triggered . | . . . . . . . . Machines | -11 -10 -9 -9 -9 -8 -8 -8 ---------- Run | Yrd Mat Mat Min Exi Min Mat Sto Machines Disabled 3 | . . 2 . . 1 . . Max in Single Turn 1 | . . 1 . . 1 . . Machines Repaired . | . . . . . . . . Machines Dismantled . | . . . . . . . . Machines Sabotaged . | . . . . . . . . Overloaded Fab Kills . | . . . . . . . . Hacking | -11 -10 -9 -9 -9 -8 -8 -8 --------- Run | Yrd Mat Mat Min Exi Min Mat Sto Machines Accessed 3 | . . . . 3 . . . Terminals . | . . . . . . . . Fabricators . | . . . . . . . . Repair Stations . | . . . . . . . . Recycling Units . | . . . . . . . . Scanalyzers . | . . . . . . . . Garrison Access . | . . . . . . . . Total Hacks 22 | . . . . 22 . . . Successful 22 | . . . . 22 . . . Failed . | . . . . . . . . Catastrophic . | . . . . . . . . Database Lockouts . | . . . . . . . . Manual 2 | . . . . 2 . . . Terminals . | . . . . . . . . Fabricators . | . . . . . . . . Repair Stations . | . . . . . . . . Recycling Units . | . . . . . . . . Scanalyzers . | . . . . . . . . Garrison Access . | . . . . . . . . Terminal Hacks 22 | . . . . 22 . . . Record 22 | . . . . 22 . . . Fabricator Hacks . | . . . . . . . . Repair Station Hacks . | . . . . . . . . Recycling Unit Hacks . | . . . . . . . . Scanalyzer . | . . . . . . . . Garrison Access Hacks . | . . . . . . . . Unauthorized Hacks . | . . . . . . . . Terminals . | . . . . . . . . Fabricators . | . . . . . . . . Repair Stations . | . . . . . . . . Recycling Units . | . . . . . . . . Scanalyzers . | . . . . . . . . Garrison Access . | . . . . . . . . Data Cores Recovered . | . . . . . . . . Used . | . . . . . . . . Hacking Detections . | . . . . . . . . Full Trace Events . | . . . . . . . . Feedback Events . | . . . . . . . . Feedback Blocked . | . . . . . . . . Robot Schematics Acquired . | . . . . . . . . Robots Built . | . . . . . . . . Authchips . | . . . . . . . . Time . | . . . . . . . . Total Robot Build Rating . | . . . . . . . . Part Schematics Acquired . | . . . . . . . . Parts Built . | . . . . . . . . Authchips . | . . . . . . . . Time . | . . . . . . . . Total Part Build Rating . | . . . . . . . . Parts Repaired . | . . . . . . . . Time . | . . . . . . . . Parts Recycled . | . . . . . . . . Recycled Matter . | . . . . . . . . Retrieved Matter . | . . . . . . . . Retrieved Components . | . . . . . . . . Parts Scanalyzed . | . . . . . . . . Part Schematics Acquired . | . . . . . . . . Parts Damaged . | . . . . . . . . Bothacking | -11 -10 -9 -9 -9 -8 -8 -8 ------------ Run | Yrd Mat Mat Min Exi Min Mat Sto Used RIF Installer . | . . . . . . . . Robots Hacked . | . . . . . . . . Non-combat . | . . . . . . . . Combat . | . . . . . . . . Robot Hacks Applied . | . . . . . . . . Relay Couplers Released . | . . . . . . . . Fabnet Peak Effective % . | . . . . . . . . Robots Rewired . | . . . . . . . . Allies Hacked . | . . . . . . . . Hacks Repelled . | . . . . . . . . Allies | -11 -10 -9 -9 -9 -8 -8 -8 -------- Run | Yrd Mat Mat Min Exi Min Mat Sto Total Allies . | . . . . . . . . Largest Group . | . . . . . . . . Highest-Rated Group . | . . . . . . . . Highest-Rated Ally . | . . . . . . . . Total Orders . | . . . . . . . . Ally Attacks . | . . . . . . . . Total Damage . | . . . . . . . . Kills . | . . . . . . . . Allies Corrupted . | . . . . . . . . Allies Melted . | . . . . . . . . Intel | -11 -10 -9 -9 -9 -8 -8 -8 ------- Run | Yrd Mat Mat Min Exi Min Mat Sto Robot Analysis Total . | . . . . . . . . Derelict Logs Recovered . | . . . . . . . . Drone Launches . | . . . . . . . . Drone Recoveries . | . . . . . . . . Exploration | -11 -10 -9 -9 -9 -8 -8 -8 ------------- Run | Yrd Mat Mat Min Exi Min Mat Sto Turns Passed 3304 | 72 378 329 105 1268 945 117 90 Spaces Moved 1830 | 51 188 140 56 663 620 97 15 Core 36 | 14 . . . . 8 . 14 Treads . | . . . . . . . . Legs 1794 | 37 188 140 56 663 612 97 1 Wheels . | . . . . . . . . Hover . | . . . . . . . . Flight . | . . . . . . . . Fastest Speed 50 | 50 120 190 190 190 120 120 190 Average Speed 166 | 111 171 190 190 190 140 122 339 Slowest Speed 400 | 190 190 190 190 190 400 190 350 Overloaded Moves . | . . . . . . . . Propulsion Burnouts . | . . . . . . . . Robots Hopped . | . . . . . . . . Cave-ins Triggered . | . . . . . . . . Exploration Rate (%) 33 | 4 34 17 13 91 86 12 7 Regions Visited 7 Branch Regions 4 Pre-discovered Areas 1 | . . . . 1 . . . Known Exits Taken . | . . . . . . . . Unknown Exits Taken 7 | 1 1 1 1 1 1 1 . Scrap Searched 2 | . . . . . 2 . . Spaces Dug . | . . . . . . . . Terrain Destroyed 60 | . 36 18 . . 6 . . Melee . | . . . . . . . . Projectile . | . . . . . . . . AOE 60 | . 36 18 . . 6 . . Terrain Rammed . | . . . . . . . . Walls Destroyed . | . . . . . . . . Machines Disabled . | . . . . . . . . Actions | -11 -10 -9 -9 -9 -8 -8 -8 --------- Run | Yrd Mat Mat Min Exi Min Mat Sto Total 1985 | 66 224 176 55 673 660 96 35 Wait . | . . . . . . . . Move 1823 | 50 187 139 55 662 619 96 15 Hop . | . . . . . . . . Pick Up 32 | 10 10 3 . 3 6 . . Fast Attach . | . . . . . . . . Attach 25 | 6 2 3 . 3 8 . 3 Detach . | . . . . . . . . Swap 5 | . 2 2 . . 1 . . Drop 7 | . 3 2 . 2 . . . Fire 88 | . 19 27 . . 25 . 17 Melee . | . . . . . . . . Ram . | . . . . . . . . Kick 2 | . 1 . . . 1 . . Crush . | . . . . . . . . Escape Stasis . | . . . . . . . . Rewire 3 | . . . . 3 . . . Trap . | . . . . . . . . Miscellaneous . | . . . . . . . . Route ------- -11/Scrapyard -10/Materials -9/Materials -9/Mines -9/Exiles -8/Mines -8/Materials -8/Storage History --------- Turn | Location | Event 13 | -11/Scrapyard | Discovered new exit (range 15) 73 | -11/Scrapyard | Entered Materials 328 | -10/Materials | Build established: Mutant 377 | -10/Materials | Discovered new exit (range 12) 451 | -10/Materials | Entered another Materials area 451 | -9/Materials | Evolved 2 slots: Propulsion x1, Utility x1 755 | -9/Materials | Discovered new exit (range 12) 780 | -9/Materials | Entered Mines 781 | -9/Mines | Assembled infested the area 786 | -9/Mines | Assisted by a Guerilla fighting off Assembled 872 | -9/Mines | Deemed a non-threat by the Exiles lab entrance 874 | -9/Mines | Discovered new exit (range 5) 885 | -9/Mines | Entered Exiles 954 | -9/Exiles | Met 8R-AWN 1001 | -9/Exiles | Met EX-HEX 1149 | -9/Exiles | Met EX-DEC 1230 | -9/Exiles | Visited The Gauntlet 1518 | -9/Exiles | Learned location of Zion (-7) 1692 | -9/Exiles | Met EX-BIN 1738 | -9/Exiles | Aligned with FarCom system 1740 | -9/Exiles | Given EX-Vault access code 2110 | -9/Exiles | Discovered new exit (range 14) 2153 | -9/Exiles | Entered Mines 2212 | -8/Mines | Lost 3 parts (1n2w) 2494 | -8/Mines | Core integrity fell below 50% 2523 | -8/Mines | Lost 4 parts (1p3n) 2802 | -8/Mines | Discovered new exit (range 11) 3098 | -8/Mines | Entered Materials 3098 | -8/Materials | Evolved 2 slots: Propulsion x1, Weapon x1 3203 | -8/Materials | Discovered new exit (range 9) 3215 | -8/Materials | Entered Storage 3254 | -8/Storage | Core integrity fell below 50% 3274 | -8/Storage | Core integrity fell below 20% 3281 | -8/Storage | Lost 7 parts (1p2n4w) 3305 | -8/Storage | Destroyed by L-31 Rogue with Katana Last Messages --------------- S-10 Pest emerges from a hatch in the floor. O-16 Technician: "IFF HANDSHAKE FAILED. SECURING TERMINAL." Imp. Light Cannon destroyed. S-10 Pest suffers critical hit (Burn). G-47 Trooper knocked back. ALERT: Hostiles spotted, dispatching reinforcements to Terminal S014. Ion Engine destroyed. Imp. Light Cannon destroyed. Aluminum Leg severed. G-47 Trooper destroyed. Aluminum Leg destroyed. Assault Rifle destroyed. Sml. Laser destroyed. Destroyed Imp. Ion Engine. R-06 Scavenger collects Aluminum Leg. Mining Laser severed. R-06 Scavenger collects Mining Laser. R-06 Scavenger collects Lgt. Nuclear Core. Map ----- +----------------------------------------------------+ | | | | | | | | | | | | | | | | | | | | | | | | | ????????????????????????????????????????? | | ???????????######################???????? | | ?????????? #???????? | | ?????????? %#???????? | | ?????????? %#???????? | | ?????????????###+######## #######???????? | | ????????????????????????# #?????????????? | | ????????????????????????# #?????????????? | | ???????????????????"??### #?????????????? | | ???????????????????" ##T# #??????#??????? | | ???????????????????" + #???? #??????? | | ?????????????????????# #?? ! #??????? | | ?????????????????????# sl# = #??????? | | ?????????????????????# @/ #??????? | | ?????????????????????# #] #??????? | | ??????????g??????????# #?? #??????? | | ???????????????????? #????###??????? | | ??????????g??????? #?????????????? | | ?????????????????o #?????????????? | | ??????????????? a ?????????????? | | ?????????????? ?????????????? | | ?????????????###+## ?????????????? | | ??????????????????# ?????????????? | | ??????????????????# ##+####?????????????? | | ??????????????????# ? ?????????????????? | | ??????????????????+?????????????????????? | | ????????????????????????????????????????? | | ????????????????????????????????????????? | | ????????????????????????????????????????? | | ????????????????????????????????????????? | | ????????????????????????????????????????? | | ????????????????????????????????????????? | | ????????????????????????????????????????? | | ????????????????????????????????????????? | | ????????????????????????????????????????? | | ????????????????????????????????????????? | | ????????????????????????????????????????? | | ????????????????????????????????????????? | +----------------------------------------------------+ Best States ------------- Heat Dissipation 31 Energy Generation 14 Energy Capacity 280 Matter Stores 370 Matter Capacity 500 Sight Range 16 Terrain Scan Density 85 Evasion (%) 55 Item Schematics ----------------- None Robot Schematics ------------------ None Fabricated ------------ Nothing Alien Tech Used ----------------- None Achievements -------------- Librarian Loot Pinata Risk Taker Challenges ------------ None Game ------ Seed RiotMagneticGun Manual? 0 Play Time 00:33:08 Cumulative 3.3 hours Start 2024.09.14 @ 09:02:28 End 2024.09.14 @ 09:38:23 Sessions 1 Manual Loads 0 Difficulty Rogue Special Mode None Game No. 8 Rogue 8 Adventurer 0 Explorer 0 Win Type - Total 0 Types 0/0/0/0/0/0/0/0/0 Lore% 4 Gallery% 6 Achievement% 5 Wizard Run 0 Options --------- Layout 1 ASCII 0 Keyboard 0 Movement Arrows Keybinds 0 Fullscreen 1 Font 16/SmallcapsGlow Map View 55x38 Zoom Use 0% Tactical HUD 0 Map Filters NONE Filters NONE Steam 1 RUN: 999f05b0-9fe9-42aa-ad0d-3666d0c1c365